 Dungeon Crawl Stone Soup version 0.21.1-1-g345015f (webtiles) character file.

32 inc the Skirmisher (level 3, 0/30 HPs)
             Began as a Demonspawn Monk on June 18, 2018.
             Was a Follower of Okawaru.
             Slain by an adder (4 damage)
             ... on level 2 of the Dungeon.
             The game lasted 00:01:34 (1628 turns).

inc the Skirmisher (Demonspawn Monk)                Turns: 1628, Time: 00:01:35

Health: 0/30       AC:  3    Str:  9 (11) XL:     3   Next: 8%
Magic:  1/3        EV: 17    Int: 10 (12) God:    Okawaru [*.....]
Gold:   44         SH:  0    Dex: 14 (15) Spells: 2/2 levels left

rFire    . . .     SeeInvis .   a - +0 hand axe
rCold    + . .     Gourm    .   (no shield)
rNeg     . . .     Faith    .   b - +0 robe
rPois    .         Spirit   .   (helmet restricted)
rElec    .         Reflect  .   (no cloak)
rCorr    .         Harm     .   l - +0 pair of gloves
MR       .....                  (no boots)
Stlth    +++.......             (no amulet)
HPRegen  0.10/turn              (no ring)
MPRegen  0.08/turn              (no ring)

@: lethally poisoned (0 -> -9), heroism
A: horns 1, cold resistance 1
a: Heroism, Renounce Religion


You were on level 2 of the Dungeon.
You worshipped Okawaru.
Okawaru was aware of your devotion.
You were not hungry.

You visited 1 branch of the dungeon, and saw 2 of its levels.

You collected 44 gold pieces.

Inventory:

Hand Weapons
 a - a +0 hand axe (weapon)
Armour
 b - a +0 robe (worn)
 l - a +0 pair of gloves (worn)
Jewellery
 j - a cursed ring of loudness {unknown}
Scrolls
 d - a scroll of magic mapping {unknown}
 f - a scroll of teleportation {unknown}
 g - a scroll of blinking {unknown}
 h - a scroll of noise {unknown}
 k - 2 scrolls of identify {unknown}
Potions
 e - a potion of haste


   Skills:
 + Level 4.3(9.3) Fighting
 - Level 2.6(7.6) Axes
 - Level 2.6(7.6) Dodging
 - Level 1.7(6.7) Stealth


You had 2 spell levels left.
You didn't know any spells.

Dungeon Overview and Level Annotations

Branches:
Dungeon (2/15)

Altars:
Okawaru


Innate Abilities, Weirdness & Mutations

You have a pair of small horns on your head.
Your flesh is cold resistant. (rC+)


Message History

You miss the adder.
The adder is heavily wounded.
You feel sick. The adder bites you but does no damage. The adder bites you.
* * * LOW HITPOINT WARNING * * *
You are lethally poisoned!
The adder poisons you!
Unknown command.
It was a potion of degeneration.
There was something very wrong with that liquid.
You feel weakened.
You feel dopey.
You feel clumsy.
* * * LOW HITPOINT WARNING * * *
You feel sick. The adder barely misses you.
You gain the combat prowess of a mighty hero.
* * * LOW HITPOINT WARNING * * *
You feel sick. The adder closely misses you.
You hit the adder.
The adder is heavily wounded.
* * * LOW HITPOINT WARNING * * *
You feel sick. The adder bites you but does no damage. The adder bites you.
You die...

#....#..###..+
#..#.##.#....#
#..........#
..###+###..#
##. #.# #..#
....###.###.##
#..###_..'.#
#..###.###.#
#@# #.# #S#
#.# .l. ..#
########


You could see an adder and a frilled lizard.

Vanquished Creatures
  An adder (D:2)
  A dart slug (D:1)
  3 bats (D:1)
  2 giant cockroaches
  2 goblins (D:1)
  A hobgoblin (D:1)
  4 jackals (D:1)
  A frilled lizard (D:2)
  2 kobolds
  3 rats (D:1)
20 creatures vanquished.

Notes
Turn   | Place    | Note
-------+----------+-------------------------------------------
     0 | D:1      | inc the Demonspawn Monk began the quest for the Orb.
     0 | D:1      | Reached XP level 1. HP: 18/18 MP: 1/1
     1 | D:1      | Noticed an electric eel
   396 | D:1      | Gained mutation: Your flesh is cold resistant. (rC+) [demonic ancestry]
   396 | D:1      | Reached XP level 2. HP: 1/24 MP: 2/2
   933 | D:1      | Reached skill level 4 in Fighting
  1346 | D:2      | Gained mutation: You have a pair of small horns on your head. [demonic ancestry]
  1346 | D:2      | Reached XP level 3. HP: 15/30 MP: 3/3
  1604 | D:2      | Found an iron altar of Okawaru.
  1617 | D:2      | Became a worshipper of Warmaster Okawaru
  1617 | D:2      | Reached * piety under Okawaru
  1617 | D:2      | Reached ** piety under Okawaru
  1628 | D:2      | Slain by an adder

Skill      XL: |  1  2 |
---------------+-------+-----
Fighting       | 4 |  4.3
Axes           | |  2.6
Dodging        | |  2.6
Stealth        | |  1.7

Action                   || total
-------------------------++-------
Melee: Hand axe          ||    80
Invok: Heroism           ||     1
  Use: Potion            ||     2
  Eat: Ration            ||     1
Armor: Robe              ||    26
Dodge: Dodged            ||    76
